 Dungeon Crawl Stone Soup version 0.25-a0-561-g0977b4d109 (webtiles) character file.

Game seed: 3982573950163598826, levelgen mode: deterministic

284 Brandom the Skirmisher (level 6, 0/56 HPs)
             Began as a Draconian Wanderer on Feb 25, 2020.
             Was a Follower of Wu Jian.
             Succumbed to a scorpion's poison
             ... on level 3 of the Dungeon.
             The game lasted 00:13:14 (3972 turns).

Brandom the Skirmisher (Draconian Wanderer)         Turns: 3972, Time: 00:13:14

Health: 0/56       AC:  6    Str: 13    XL:     6   Next: 7%
Magic:  6/6        EV: 13    Int: 14    God:    Wu Jian [*.....]
Gold:   197        SH:  0    Dex: 10    Spells: 5/5 levels left

rFire    . . .     SeeInvis .   h - +2 dagger (flame)
rCold    . . .     Gourm    .   (no shield)
rNeg     . . .     Faith    .   (armour unavailable)
rPois    .         Spirit   .   (helmet restricted)
rElec    .         Reflect  .   (no cloak)
rCorr    .         Harm     .   (no gloves)
MR       .....                  (no boots)
Stlth    ++........             (no amulet)
HPRegen  0.18/turn              k - -2 ring of intelligence (curse)
MPRegen  0.10/turn              (no ring)

@: lethally poisoned (0 -> -3)
A: unfitting armour, cold-blooded, AC +6
a: Renounce Religion


You were on level 3 of the Dungeon.
You worshipped Wu Jian.
Wu Jian was aware of your devotion.
You were not hungry.

You visited 1 branch of the dungeon, and saw 4 of its levels.

You collected 197 gold pieces.

Inventory:

Hand Weapons
 a - a +0 club
 d - a +0 dagger
 h - a +2 dagger of flaming (weapon)
   (You took it off a goblin on level 2 of the Dungeon)
Missiles
 i - 5 poisoned darts (quivered)
Jewellery
 k - a cursed -2 ring of intelligence (left hand)
   (You found it on level 4 of the Dungeon)
Scrolls
 b - 3 scrolls of teleportation {@r4}
 l - a scroll of remove curse {@r2}
 m - a scroll of enchant weapon
 o - a scroll of blinking
 q - a scroll of enchant armour
Potions
 c - 2 potions of haste {@q3}
 f - a potion of stabbing
 j - a potion of resistance
 p - a potion of flight
Comestibles
 e - 4 rations
 n - 3 chunks of flesh


   Skills:
 * Level 5.5 Fighting
 - Level 3.0 Maces & Flails
 + Level 3.2 Dodging
 - Level 1.7 Stealth
 - Level 3.0 Unarmed Combat


You had 5 spell levels left.
You didn't know any spells.
Your spell library was empty.

Dungeon Overview and Level Annotations

Branches:
Dungeon (4/15)
 Temple: D:4-7

Altars:
Kikubaaqudgha
Sif Muna
Wu Jian


Innate Abilities, Weirdness & Mutations

Your plain brown scales are hard. (AC +6)
You cannot fit into any form of body armour.
You are cold-blooded and may be slowed by cold attacks.


Message History

* * * LOW HITPOINT WARNING * * *
You hit the scorpion but do no damage. The scorpion stings you.
* * * LOW HITPOINT WARNING * * *
You hit the scorpion but do no damage. The scorpion closely misses you.
You hit the scorpion. You burn the scorpion. The scorpion barely misses you.
You barely miss the scorpion.
You tail-slap the scorpion, but do no damage.
The scorpion misses you.
You hit the scorpion but do no damage. The scorpion barely misses you.
You hit the scorpion. You burn the scorpion. The scorpion barely misses you.
You hit the scorpion. You burn the scorpion. The scorpion stings you.
* * * LOW HITPOINT WARNING * * *
You are lethally poisoned!
The scorpion poisons you!
You hit the scorpion. You burn the scorpion.
You kill the scorpion!
The Council accepts your kill.
You have reached level 6!
Your experience leads to an increase in your attributes!
Increase (S)trength, (I)ntelligence, or (D)exterity?
You feel clever.
Your scales feel tougher.
* * * LOW HITPOINT WARNING * * *
You feel sick.
Okay, then.
You feel stupid.
Oops, that ring feels deathly cold.
k - a cursed -2 ring of intelligence (left hand)
As you read the scroll labeled UNAGYU WOAPUNY, it crumbles to dust.
You feel momentarily disoriented.
It was a scroll of magic mapping.
* * * LOW HITPOINT WARNING * * *
You feel sick.
* * * LOW HITPOINT WARNING * * *
You feel sick.
* * * LOW HITPOINT WARNING * * *
You feel sick.
* * * LOW HITPOINT WARNING * * *
You feel sick.
Unknown command.
* * * LOW HITPOINT WARNING * * *
You feel sick.
* * * LOW HITPOINT WARNING * * *
You feel sick.
Unknown command.
* * * LOW HITPOINT WARNING * * *
You feel sick.
Unknown command.
* * * LOW HITPOINT WARNING * * *
You feel sick.
Unknown command.
You die...

.######.#####.# #...#
.######.## #.# #.#.#
.........# #.# #.#.#
.######..# #.#####.#.#
.........# #.......#.#
.....###.# ####.####.#
.###.# #.# #.####.# .#
#.# #.# #....#.#
.###.###.# #@##.#.###
.##...##.#######.##.#...#
.#.###...........##.###.#
...# #.#.........##.# #.#
##.###.#########.##.# #.#
##>..## #.##.# #.# ##.##
#.##.# #.# #.# #.##.# #.#
####.###########....# #.#


There were no monsters in sight!

Vanquished Creatures
  An ogre (D:4)
  A scorpion (D:3)
  2 worker ants (D:4)
  A hound skeleton (D:4)
  An adder (D:3)
  An ooze (D:3)
  An adder zombie (D:4)
  An adder skeleton (D:4)
  A worm (D:2)
  2 dart slugs (D:2)
  2 leopard geckos
  2 orcs (D:3)
  A giant cockroach (D:2)
  8 goblins
  9 hobgoblins
  6 jackals
  2 quokkas
  7 bats
  3 frilled lizards
  6 kobolds (D:3)
  A quokka skeleton (D:4)
  2 rats (D:2)
61 creatures vanquished.

Vanquished Creatures (others)
  A human (D:3)
1 creature vanquished.

Grand Total: 62 creatures vanquished

Notes
Turn   | Place    | Note
-------+----------+-------------------------------------------
     0 | D:1      | Brandom the Draconian Wanderer began the quest for the Orb.
     0 | D:1      | Brandom set off with the following items: a +0 club, 2
                  | scrolls of teleportation {@r4}, 2 potions of haste {@q3}, a
                  | +0 dagger, a ration
     0 | D:1      | Reached XP level 1. HP: 16/16 MP: 1/1
   381 | D:1      | Reached skill level 2 in Fighting
   716 | D:1      | Reached XP level 2. HP: 18/24 MP: 2/2
  1624 | D:2      | Reached XP level 3. HP: 28/30 MP: 3/3
  1741 | D:2      | Reached skill level 3 in Fighting
  1911 | D:2      | Found a shimmering blue altar of Sif Muna.
  2093 | D:2      | Found an ornate altar of the Wu Jian Council.
  2103 | D:2      | Became a worshipper of the Wu Jian Council
  2384 | D:3      | Found an ancient bone altar of Kikubaaqudgha.
  2384 | D:3      | Noticed a human
  2387 | D:3      | Killed a human
  2625 | D:3      | Reached XP level 4. HP: 38/38 MP: 4/4
  3009 | D:4      | Reached skill level 4 in Fighting
  3310 | D:4      | Reached XP level 5. HP: 40/47 MP: 5/5
  3443 | D:4      | Noticed an ogre
  3523 | D:4      | Noticed a phantom
  3779 | D:4      | Noticed an ogre
  3801 | D:4      | Killed an ogre
  3801 | D:4      | Reached skill level 5 in Fighting
  3827 | D:4      | Reached * piety under Wu Jian
  3868 | D:4      | Noticed a phantom
  3958 | D:3      | Reached XP level 6. HP: 9/56 MP: 6/6
  3966 | D:3      | HP: 2/56 [poisoned by a scorpion]
  3972 | D:3      | Succumbed to a scorpion's poison

Levels and vault maps discovered:
D:1:      erik_arrival_triangle_small, layout_basic
D:2:      layout_rooms, lemuel_crystal_altar, lemuel_coloured_pillars_altar,
          serial_forest, infiniplex_forest_corner_1,
          infiniplex_forest_lined_room_3, infiniplex_forest_clump_curved,
          infiniplex_forest_clump_C, infiniplex_forest_lined_3,
          infiniplex_forest_straight_4
D:3:      corexii_shack_village, layout_loops_ring, first_ration,
          tgw_kikubaaqudgha
D:4:      layout_loops_corners, hangedman_decor_opposing, minmay_pentangle,
          uniq_menkaure

Skill      XL: |  1  2  3  4  5 |
---------------+----------------+-----
Fighting       | 2 3 4 5 |  5.5
Dodging        | 2 3 |  3.2
Maces & Flails | |  3.0
Stealth        | |  1.7
Unarmed Combat | |  3.0

Action                   |  1- 3 |  4- 6 || total
-------------------------+-------+-------++-------
Melee: Club              |    90 |       ||    90
       Tailslap          |    19 |    17 ||    36
       Dagger            |    47 |   107 ||   154
       Punch             |     1 |       ||     1
Throw: Dart              |     5 |     9 ||    14
Invok: Lunge             |     3 |     5 ||     8
       Whirlwind         |       |    18 ||    18
  Use: Scroll            |       |     9 ||     9
       Potion            |       |     2 ||     2
 Stab: Sleeping          |     5 |     2 ||     7
  Eat: Chunk             |     5 |     1 ||     6
       Ration            |       |     1 ||     1
Armor: Skin              |    36 |    25 ||    61
Dodge: Dodged            |    91 |    58 ||   149

Table legend:
 A = Non-vault XP
 B = Vault XP
 C = Vault XP percentage of total XP
 D = Non-vault monster count
 E = Vault monster count
 F = Vault count percentage of total count
                 A         B        C        D         E       F
            +---------+---------+-------+---------+---------+-------
      Total |     302 |     105 |  25.8 |      47 |      14 |  23.0
            +---------+---------+-------+---------+---------+-------
        D:1 |      27 |       0 |   0.0 |      15 |       0 |   0.0
        D:2 |      33 |       0 |   0.0 |      16 |       0 |   0.0
        D:3 |      37 |      86 |  69.9 |      12 |       8 |  40.0
        D:4 |     205 |      19 |   8.5 |       4 |       6 |  60.0
            +---------+---------+-------+---------+---------+-------
